 Dungeon Crawl Stone Soup version 0.27.1-15-g792fb953b9 (webtiles) character file.

Game seed: 12045803703861740862

89 bearlyready the Insei (level 4, 0/28 HPs)
             Began as an Octopode Transmuter on Nov 20, 2021.
             Slain by a bullfrog (6 damage)
             ... on level 2 of the Dungeon.
             The game lasted 00:03:43 (3056 turns).

bearlyready the Insei (Octopode Transmuter)         Turns: 3056, Time: 00:03:44

Health: 0/28       AC:  1    Str:  6 (9)  XL:     4   Next: 55%
Magic:  0/7        EV: 13    Int: 13 (15) God:
Gold:   117        SH:  0    Dex: 13      Spells: 1/7 levels left

rFire    . . .     SeeInvis .     - Unarmed
rCold    . . .     Faith    .   (no shield)
rNeg     . . .     Spirit   +   (helmet restricted)
rPois    .         Reflect  .   d - amulet of guardian spirit
rElec    .         Harm     .   (no ring)
rCorr    .         Rampage  .   (no ring)
Will     .....                  (no ring)
Stlth    ++........             (no ring)
HPRegen  0.09/turn              (no ring)
MPRegen  0.10/turn              (no ring)
                                (no ring)
                                (no ring)

@: no status effects
A: almost no armour, amphibious, 8 rings, camouflage 1, gelatinous body 1,
(nimble swimmer 1), tentacles
a: no special abilities


You were on level 2 of the Dungeon.
You visited 1 branch of the dungeon, and saw 3 of its levels.

You collected 117 gold pieces.

Inventory:

Missiles
 c - 21 poisoned darts
 e - 4 javelins
 g - a throwing net
Armour
 j - a +0 kite shield
Jewellery
 d - an amulet of guardian spirit (around mantle)
Wands
 h - a wand of paralysis (8)
Scrolls
 a - 2 scrolls of teleportation {unknown}
 f - a scroll of summoning {unknown}
 i - a scroll of enchant weapon


   Skills:
 - Level 1.0 Fighting
 - Level 2.0 Dodging
 + Level 4.0 Unarmed Combat
 - Level 2.0 Spellcasting
 + Level 3.3 Transmutations
 + Level 1.6 Poison Magic


You had one spell level left.
You knew the following spells:

 Your Spells              Type           Power      Damage    Failure   Level
a - Beastly Appendage     Tmut           20%        N/A       6%          1
b - Wereblood             Tmut           10%        N/A       10%         2
c - Spider Form           Tmut/Pois      3%         N/A       26%         3

Your spell library contained the following spells:

 Spells                   Type           Power      Damage    Failure   Level
 Ozocubu's Armour         Ice            1%         N/A       58%         3
 Ice Form                 Ice/Tmut       5%         N/A       77%         4
 Fireball                 Conj/Fire      0%         3d3       100%        5
 Iskenderun's Battlesphe  Conj           1%         2d6       100%        5
 Conjure Ball Lightning   Conj/Air       0%         3x3d6     100%        6
 Orb of Destruction       Conj           0%         N/A       100%        7
 Ozocubu's Refrigeration  Ice            0%         4d5       100%        7


Dungeon Overview and Level Annotations

Branches:
Dungeon (3/15)

Altars:

Shops:
D:1 :


Innate Abilities, Weirdness & Mutations

You cannot wear most types of armour.
You are amphibious.
You can wear up to eight rings at the same time.
Your skin changes colour to match your surroundings (Stealth+).
Your rubbery body absorbs attacks. (AC +1, EV +1)
((You are camouflaged near water. (Stealth+)))
You have tentacles for arms and can constrict up to eight enemies at once.


Message History

You climb downwards.
Found a potion of degeneration and 8 gold pieces.
Found an escape hatch in the ceiling.
There is a stone staircase leading up here.
There are monsters nearby!
There are monsters nearby!
Casting: Beastly Appendage (safe; 6% risk of failure)
Confirm with . or Enter, or press ? or * to list all spells.
The spell is quite dangerous to cast (26% risk of failure)!
Continue anyway?
You miscast Spider Form.
You are very lightly contaminated with residual magic.
Nothing appears to happen.
The endoplasm quivers.
The helpless bullfrog fails to defend itself.
You bludgeon the bullfrog! You grab the bullfrog.
The bullfrog is moderately wounded.
You constrict the bullfrog, but do no damage.
The endoplasm quivers.
The bullfrog closely misses you. The bullfrog misses you.
You tentacle-slap the bullfrog.
The bullfrog is heavily wounded.
You constrict the bullfrog. The bullfrog hits you!
You release your grip on the bullfrog.
The endoplasm freezes you.
You are frozen.
The bullfrog completely misses you.
There is a stone staircase leading up here.
The bullfrog closely misses you. The endoplasm barely misses you. x2
You climb upwards.
There is a stone staircase leading down here.
The endoplasm hits you. The bullfrog hits you. The endoplasm misses you.
Your magical contamination has completely faded away.
The bullfrog hits you.
* * * LOW HITPOINT WARNING * * *
You aren't carrying any potions.
As you read the scroll labelled NIREBA BONIXI, it crumbles to dust.
It is a scroll of identify.
i - a scroll of enchant weapon The bullfrog hits you!
You die...

# #.#.##.<........# #
#.#.##..........# #
####.#.##...)......### #
#....#.###...........# #
#.####.# ##..>.......# # #.#
#.# ##.........# # #.# #.#
#J........# # ###.# #.#
#FJ.......# #...#
#.#####@........# ###.###
#.<..#..........# #...#
####...########## ..########
##..######
#..<.....####........##
#.######......######.†######
#.######...##..............#
.......[.########..........#
#####..### #..........#


You could see a bullfrog and 2 endoplasms.

Vanquished Creatures
  2 adders (D:2)
  A worm (D:2)
  2 dart slugs
  7 ball pythons
  5 endoplasms
  5 hobgoblins
  9 jackals
  8 kobolds
  2 quokkas (D:1)
  7 bats
  4 frilled lizards
  4 goblins (D:1)
  3 rats
59 creatures vanquished.

Notes
Turn   | Place    | Note
-------+----------+-------------------------------------------
     0 | D:1      | bearlyready the Octopode Transmuter began the quest for the
                  | Orb.
     0 | D:1      | Reached XP level 1. HP: 13/13 MP: 3/3
   415 | D:1      | Reached XP level 2. HP: 13/18 MP: 5/5
   894 | D:1      | Found a faded altar of an unknown god.
  1221 | D:2      | Reached XP level 3. HP: 10/23 MP: 4/6
  1226 | D:2      | HP: 1/23 [kobold (5)]
  1783 | D:2      | Learned a level 2 spell: Wereblood
  1787 | D:2      | Learned a level 3 spell: Spider Form
  2003 | D:2      | Reached skill level 1 in Poison Magic
  2009 | D:2      | Reached XP level 4. HP: 21/28 MP: 4/7
  2689 | D:1      | Reached skill level 4 in Unarmed Combat
  2966 | D:1      | Found Kihucof's Book Emporium.
  3044 | D:3      | Noticed a bullfrog
  3056 | D:2      | Slain by a bullfrog

Illustrated notes

Levels and vault maps discovered:
D:1:      lightli_arrival_flooded_house, layout_basic, basic_ecumenical_altar,
          serial_shops, shop_statue
D:2:      layout_rooms, chequers_serial_rivers_small_a, minmay_tetromino_t4
D:3:      lemuel_castle_with_subvaults [lemuel_castle_interior_carwin_2],
          layout_rooms, uniq_crazy_yiuf_cottage

Skill      XL: |  1  2  3  4 |
---------------+-------------+-----
Transmutations | 3 |  3.3
Poison Magic   | 1 |  1.6
Unarmed Combat | 4 |  4.0
Fighting       | |  1.0
Dodging        | |  2.0
Spellcasting   | |  2.0

Action                   |  1- 3 |  4- 6 || total
-------------------------+-------+-------++-------
Melee: Unarmed           |    99 |    45 ||   144
       Constrict         |    20 |     8 ||    28
       Tentacles         |    14 |     7 ||    21
       Kick              |     6 |       ||     6
       Punch             |     1 |       ||     1
 Cast: Beastly Appendage |     6 |     1 ||     7
       Spider Form       |     2 |       ||     2
  Use: Scroll            |     1 |     1 ||     2
       Potion            |     1 |       ||     1
 Stab: Sleeping          |     7 |     2 ||     9
Armor: Skin              |    10 |     8 ||    18
Dodge: Dodged            |    81 |    45 ||   126
